 Dungeon Crawl Stone Soup version 0.28-a0-834-g1a73be5ee4 (webtiles) character file.

Game seed: 12281801209473492805

3 ders the Vexing (level 1, 0/13 HPs)
             Began as a Gnoll Wanderer on Nov 11, 2021.
             Slain by a ball python (2 damage)
             ... on level 1 of the Dungeon.
             The game lasted 00:00:17 (25 turns).

ders the Vexing (Gnoll Wanderer)                      Turns: 25, Time: 00:00:18

Health: 0/13       AC:  2    Str:  9    XL:     1   Next: 50%
Magic:  6/6        EV: 11    Int: 12    God:
Gold:   13         SH:  0    Dex: 12    Spells: 9/9 levels left

rFire   . . .      SeeInvis .   a - +0 dagger
rCold   . . .      Faith    .   (no shield)
rNeg    . . .      Spirit   .   c - +0 robe
rPois   .          Reflect  .   (no helmet)
rElec   .          Harm     .   (no cloak)
rCorr   .          Rampage  .   (no gloves)
Will    .....                   (no boots)
Stlth   ++........              (no amulet)
HPRegen 0.04/turn               (no ring)
MPRegen 0.10/turn               (no ring)

@: no status effects
A: fangs 1, strong nose, distributed training
a: no special abilities


You were on level 1 of the Dungeon.
You visited 1 branch of the dungeon, and saw 1 of its levels.

You collected 13 gold pieces.

Inventory:

Hand Weapons
 a - a +0 dagger (weapon)
Armour
 c - a +0 robe (worn)
Potions
 b - a potion of lignification
Miscellaneous
 d - a lightning rod (4/4) (quivered)


   Skills:
 + Level 0.0 Fighting
 + Level 0.0 Short Blades
 + Level 0.0 Long Blades
 + Level 0.0 Axes
 + Level 0.0 Maces & Flails
 + Level 0.0 Polearms
 + Level 0.0 Staves
 + Level 0.0 Slings
 + Level 0.0 Bows
 + Level 0.0 Crossbows
 + Level 0.0 Throwing
 + Level 0.0 Armour
 + Level 0.0 Dodging
 + Level 2.1 Stealth
 + Level 0.0 Shields
 + Level 0.0 Unarmed Combat
 + Level 4.8 Spellcasting
 + Level 0.0 Conjurations
 + Level 7.0 Hexes
 + Level 0.0 Summonings
 + Level 0.0 Necromancy
 + Level 3.6 Translocations
 + Level 0.0 Transmutations
 + Level 0.0 Fire Magic
 + Level 0.0 Ice Magic
 + Level 0.0 Air Magic
 + Level 0.0 Earth Magic
 + Level 0.0 Poison Magic
 + Level 0.1 Invocations
 + Level 2.3 Evocations


You had 9 spell levels left.
You didn't know any spells.
Your spell library was empty.

Dungeon Overview and Level Annotations

Branches:
Dungeon (1/15)

Altars:


Innate Abilities, Weirdness & Mutations

You have very sharp teeth.
Your uncanny sense of smell can sniff out nearby items.
Your experience applies equally to all skills.


Message History

Things that are here:
a +0 dagger; a goblin corpse You start waiting.
A kobold comes into view. It is wielding a +0 short sword.
Aiming: Thunderbolt
Press: ? - help, Q - select action Shift-Dir - straight line, f - you A rat comes into view.
Found a scroll labelled GOSTRU ETHEY.
A ball python comes into view.
The ball python moves out of view.
You closely miss the kobold.
The kobold hits you with a +0 short sword.
You hit the kobold.
The kobold is moderately wounded.
The kobold hits you with a +0 short sword.
The rat bites you.
The ball python hisses angrily.
You hit the kobold.
You kill the kobold!
The rat barely misses you. The rat bites you.
You closely miss the rat. The rat barely misses you.
You hit the rat.
The rat is severely wounded.
The rat bites you.
You closely miss the rat.
The rat is severely wounded.
The rat closely misses you. The ball python bites you.
* * * LOW HITPOINT WARNING * * *
The ball python grabs you. The ball python constricts you.
* * * LOW HITPOINT WARNING * * *
You hit the rat.
You kill the rat!
The ball python bites you.
* * * LOW HITPOINT WARNING * * *
The ball python constricts you.
You don't know any spells.
Your library has no spells.
You escape the ball python's grasp.
The ball python bites you.
You die...

##.......<.≈≈≈≈≈≈
#......8....≈.≈≈≈
#.....8......≈≈≈≈
##...........≈.≈≈≈
#..)...........≈≈≈
###.............≈.≈≈
#.##............8..≈≈≈≈
....................≈≈≈
####..S@)......###.
#........####
#......### .........#
#.........?#
#..........#
#..........#
#..........#


You could see a ball python.

Vanquished Creatures
  A goblin (D:1)
  A kobold (D:1)
  A rat (D:1)
3 creatures vanquished.

Notes
Turn   | Place    | Note
-------+----------+-------------------------------------------
     0 | D:1      | ders the Gnoll Wanderer began the quest for the Orb.
     0 | D:1      | ders set off with the following items: a +0 dagger, a
                  | potion of lignification, a +0 robe, a lightning rod (4/4)
     0 | D:1      | Reached XP level 1. HP: 13/13 MP: 6/6
    25 | D:1      | Slain by a ball python

Illustrated notes

Levels and vault maps discovered:
D:1:      nicolae_arrival_washed_ashore, layout_rooms,
          chequers_ecumenical_altar_simple, minmay_misc_feat_more_columns,
          st_stairs_7, minmay_tall_x

Action                   || total
-------------------------++-------
Melee: Dagger            ||    10
Armor: Robe              ||     1
Dodge: Dodged            ||     4

Table legend: (Time is in decaauts)
 A = Elapsed time spent in this place.
 B = Non-inter-level travel time spent in this place.
 C = Inter-level travel time spent in this place.
 D = Time resting spent in this place.
 E = Time spent auto-exploring this place.
 F = Levels seen in this place.
 G = Mean time per level.
                   A        B        C        D        E       F      G
               +--------+--------+--------+--------+--------+-----+--------+
         Total |     25 |     21 |      4 |      0 |      0 |   1 |   25.0 |
       Dungeon |     25 |     21 |      4 |      0 |      0 |   1 |   25.0 |
               +--------+--------+--------+--------+--------+-----+--------+

Top non-repeatable levels by time:
     D:1: 25 daAuts
